 Dungeon Crawl Stone Soup version 0.31.0-32-g396128a36d (webtiles) character file.

Game seed: 195125159889598369

51030 Cryptonicus the Warrior (level 14, -1/141 HPs)
             Began as a Minotaur Berserker on Mar 17, 2024.
             Was a High Priest of Trog.
             Drowned by a quicksilver ooze (7 damage)
             ... on level 2 of the Pits of Slime.
             The game lasted 00:48:37 (17794 turns).

Cryptonicus the Warrior (Minotaur Berserker)       Turns: 17794, Time: 00:48:37

Health: -1/141     AC: 20    Str: 32    XL:     14   Next: 21%
Magic:  5/13       EV: 12    Int:  4    God:    Trog [*****.]
Gold:   1154       SH:  0    Dex: 12    Spells: 13/13 levels left

rFire   . . .        K - +4 battleaxe (freeze)
rCold   + . .        (shield currently unavailable)
rNeg    . . .        a - +1 plate armour "Reveocw" {rC+ Str+3 Slay+3}
rPois   .            y - +0 hat {Stlth+}
rElec   .            t - +1 cloak {Stlth+}
rCorr   +            P - +0 pair of gloves
SInv    +            (no boots)
Will    +++++        A - amulet of Oseafod {Will+ Regen+ Str+4} Stlth
                     c - ring of see invisible
HPRegen 2.23/turn    F - ring of Dat Okli {Will+ rCorr}
MPRegen 0.13/turn

%: no passive effects
@: engulfed (cannot breathe), strong-willed, regenerating
A: horns 2, retaliatory headbutt
a: Renounce Religion, Berserk, Trog's Hand, Brothers in Arms


You were on level 2 of the Pits of Slime.
You worshipped Trog.
Trog was extremely pleased with you.
You visited 3 branches of the dungeon, and saw 16 of its levels.

You collected 1406 gold pieces.
You spent 252 gold pieces at shops.

Inventory:

Hand Weapons
 g - the +9 quarterstaff "Apsomp" {heavy, rN++ Int-5}
   (Trog gifted it to you on level 1 of the Lair of Beasts)

   Int-5:     It affects your intelligence (-5).
   rN++:      It greatly protects you from negative energy.
 k - a +4 broad axe of freezing
 G - the +6 dagger "Soewaost" {distort, rF+ Str+8 Int-3 Dex-5}
   (You found it on level 8 of the Dungeon)

   Str+8:     It affects your strength (+8).
   Int-3:     It affects your intelligence (-3).
   Dex-5:     It affects your dexterity (-5).
   rF+:       It protects you from fire.
 J - a +0 heavy dire flail
 K - a +4 battleaxe of freezing (weapon)
 N - a +1 dire flail of holy wrath
 O - a +1 antimagic quarterstaff
Armour
 a - the +1 plate armour "Reveocw" (worn) {rC+ Str+3 Slay+3}
   (You acquired it on level 6 of the Dungeon)

   Str+3:     It affects your strength (+3).
   Slay+3:    It affects your accuracy & damage with ranged weapons and melee
   (+3).
   rC+:       It protects you from cold.
 q - a scarf of harm
 t - a +1 cloak of stealth (worn)
 u - +0 steam dragon scales
 y - a +0 hat of stealth (worn)
 D - a +0 helmet
 P - a +0 pair of gloves (worn)
Jewellery
 c - a ring of see invisible (left hand)
 j - an amulet of reflection
 p - an amulet of faith
 A - the amulet of Oseafod (around neck) {Will+ Regen+ Str+4}
   (You acquired it on level 4 of the Lair of Beasts)

   [amulet of regeneration]

   Str+4:     It affects your strength (+4).
   Will+:     It increases your willpower.
   Regen+:    It increases your rate of health regeneration.
 E - a ring of protection from fire
 F - the ring of Dat Okli (right hand) {Will+ rCorr}
   (You found it on level 8 of the Dungeon)

   [ring of resist corrosion]

   Will+:     It increases your willpower.
   rCorr:     It protects you from acid and corrosion.
 H - a ring of protection from fire
Wands
 b - a wand of polymorph (9)
 l - a wand of flame (29)
 o - a wand of iceblast (8)
 v - a wand of charming (15)
 B - a wand of mindburst (22)
Scrolls
 e - 2 scrolls of poison
 f - 2 scrolls of teleportation
 h - 2 scrolls of fog
 i - 2 scrolls of blinking (quivered)
 x - a scroll of noise
 L - a scroll of revelation
 M - a scroll of amnesia
Potions
 d - a potion of haste
 m - 7 potions of degeneration
 n - 5 potions of might
 r - 4 potions of brilliance
 s - a potion of berserk rage
 w - a potion of cancellation
 z - 2 potions of ambrosia
 C - 3 potions of curing
 I - a potion of attraction {unknown}


   Skills:
 * Level 17.7 Fighting
 + Level 10.1(11.4) Axes
 - Level 8.1(10.9) Maces & Flails
 - Level 2.1(7.7) Polearms
 - Level 5.5(7.8) Staves
 + Level 12.7 Armour
 + Level 11.6 Dodging
 + Level 7.7 Evocations


You had 13 spell levels left.
You didn't know any spells.
Your spell library contained the following spells:

 Spells                   Type           Power      Damage    Failure   Level
 Brom's Barrelling Bould  Conj/Erth      0%         2d3       100%        4
 Fireball                 Conj/Fire      0%         3d3       100%        5
 Iskenderun's Battlesphe  Conj           0%         2d6       100%        5
 Conjure Ball Lightning   Conj/Air       0%         3x3d6     100%        6
 Orb of Destruction       Conj           0%         9d5       100%        7


Dungeon Overview and Level Annotations

Branches:
Dungeon (9/15)             Temple (0/1) D:5            Lair (5/5) D:9
  Swamp (0/4) Lair:3        Snake (0/4) Lair:3        Slime (2/5) Lair:4
    Orc (0/2) D:9

Altars:
Sif Muna
The Shining One
Jiyva

Shops:
D:7 !

Annotations:
Lair:3 exclusion: oklob plant


Innate Abilities, Weirdness & Mutations

You have a pair of horns on your head.
You reflexively headbutt those who attack you in melee.


Message History

You slash the slime creature! You freeze the slime creature.
You slice the slime creature!! You freeze the slime creature!
You kill the slime creature!
Trog accepts your kill.
You miss the quicksilver ooze. You hit the slime creature.
You freeze the slime creature. The quicksilver ooze hits you.
The quicksilver ooze engulfs you! The quicksilver ooze barely misses you.
The slime creature barely misses you. The slime creature hits you!
The slime creature hits you.
You slash the quicksilver ooze! You freeze the quicksilver ooze.
Your headbutt misses the quicksilver ooze.
The quicksilver ooze is moderately wounded.
You hit the slime creature. You freeze the slime creature.
You slice the slime creature!! You freeze the slime creature.
You kill the slime creature!
Trog accepts your kill.
You hit the slime creature but do no damage.
You slash the slime creature! You freeze the slime creature.
You hit the slime creature. You freeze the slime creature.
Your lungs strain for air!
The quicksilver ooze hits you!! The quicksilver ooze hits you.
You feel your power leaking away. The slime creature hits you!
* * * LOW HITPOINT WARNING * * *
The slime creature hits you!
* * * LOW HITPOINT WARNING * * *
The slime creature hits you!
* * * LOW HITPOINT WARNING * * *
Two slime creatures merge to form a large slime creature.
You slice the acid blob!! You freeze the acid blob!
Your hands burn!
* * * LOW HITPOINT WARNING * * *
You headbutt the acid blob!
The acid blob is heavily wounded.
You slash the slime creature! You freeze the slime creature.
You slice the slime creature!! You freeze the slime creature!
You slash the slime creature! You freeze the slime creature.
You hit the quicksilver ooze. You freeze the quicksilver ooze.
You slash the large slime creature! You freeze the large slime creature.
You slice the slime creature!! You freeze the slime creature.
You die...

.............ยง......
....................
........<...<.......
....................
...................#
..............>.....
.........^...G......
...##......JJJ......
#.# #...J..J@J......
## ##......JJ......
...............
...............
..........#..#.
......JJ.#####
.......... .....<....


You could see an acid blob, a large slime creature, 7 slime creatures, a shining
eye and a quicksilver ooze.

Vanquished Creatures
  Gastronok (Lair:3)
  A great orb of eyes (Slime:2)
  3 hydras
  2 catoblepae
  A boulder beetle (Lair:5)
  2 two-headed ogres (D:9)
  6 death yaks
  2 skysharks (Lair:5)
  Urug (Lair:2)
  The ghost of H0rd4k the Covert, a novice OpAr (D:6)
  11 elephants
  4 black mambas
  16 cane toads
  An eye of devastation (Slime:1)
  14 komodo dragons
  2 rime drakes
  A troll (D:8)
  2 tyrant leeches (Lair:5)
  2 polar bears
  25 blink frogs
  Prince Ribbit (D:7)
  5 dream sheep (Lair:4)
  10 slime creatures
  38 yaks
  Grum (D:8)
  6 steam dragons
  5 basilisks
  5 vampire mosquitoes (Lair:5)
  2 nagas (Lair:3)
  4 orc warriors
  9 water moccasins
  4 black bears
  4 sky beasts
  2 ogres
  23 wolves
  2 centaurs
  A phantom (D:6)
  3 kobold brigands
  19 bullfrogs
  2 scorpions
  9 wights
  6 killer bees (D:9)
  An electric eel (Lair:5)
  A howler monkey (D:8)
  A bombardier beetle (D:4)
  A quasit (D:8)
  2 jellies
  A hound (D:4)
  2 gnoll boudas
  6 orc priests
  A sleepcap (D:6)
  Crazy Yiuf (D:2)
  12 iguanas
  5 orc wizards
  11 hell rats
  2 wolf simulacra (Lair:1)
  6 gnolls
  12 adders
  A white imp (D:7)
  2 ufetubi (D:6)
  2 dart slugs
  33 orcs
  4 bats
  11 endoplasms
  2 giant cockroaches (D:1)
  5 goblins
  A hobgoblin (D:2)
  2 jackals (D:2)
  A quokka (D:1)
  10 ball pythons
  14 frilled lizards
  4 hobgoblin zombies (D:8)
  10 kobolds
  2 kobold zombies (D:8)
  2 orc skeletons (D:8)
  9 rats
439 creatures vanquished.

Vanquished Creatures (collateral kills)
  A hydra (Lair:4)
  A basilisk (Lair:4)
2 creatures vanquished.

Grand Total: 441 creatures vanquished

Notes
Turn   | Place    | Note
-------+----------+-------------------------------------------
     0 | D:1      | Cryptonicus the Minotaur Berserker began the quest for the
                  | Orb.
     0 | D:1      | Reached XP level 1. HP: 19/19 MP: 0/0
   194 | D:1      | Reached XP level 2. HP: 27/27 MP: 1/1
   214 | D:1      | Reached skill level 4 in Fighting
  1062 | D:2      | Reached XP level 3. HP: 34/34 MP: 2/2
  1170 | D:2      | Reached ** piety under Trog
  1306 | D:2      | Reached XP level 4. HP: 41/41 MP: 3/3
  1342 | D:2      | Found a runed translucent door.
  1343 | D:2      | Noticed Crazy Yiuf
  1351 | D:2      | Killed Crazy Yiuf
  1683 | D:2      | Reached skill level 5 in Fighting
  1881 | D:3      | Found a faded altar of an unknown god.
  1970 | D:3      | Reached XP level 5. HP: 46/48 MP: 4/4
  3205 | D:4      | Noticed an ogre
  3213 | D:4      | Killed an ogre
  3214 | D:4      | Reached skill level 6 in Fighting
  3214 | D:4      | Reached skill level 5 in Maces & Flails
  3214 | D:4      | Reached XP level 6. HP: 32/57 MP: 5/5
  3591 | D:4      | Found a shimmering blue altar of Sif Muna.
  3727 | D:5      | Entered Level 5 of the Dungeon
  3768 | D:5      | HP: 4/85 [orc priest/divine providence (11)]
  3769 | D:5      | Reached skill level 1 in Staves
  3775 | D:5      | Reached XP level 7. HP: 11/64 MP: 6/6
  4255 | D:5      | Reached skill level 7 in Fighting
  4303 | D:5      | Reached *** piety under Trog
  4642 | D:5      | Found a staircase to the Ecumenical Temple.
  4708 | D:6      | Reached skill level 5 in Armour
  4919 | D:6      | Reached XP level 8. HP: 74/74 MP: 7/7
  4952 | D:6      | Found a runed translucent gate.
  4952 | D:6      | Noticed H0rd4k's ghost (novice OpAr)
  4953 | D:6      | Found a runed translucent gate.
  5319 | D:6      | Identified a scroll of acquirement
  5319 | D:6      | Acquired the +1 plate armour "Reveocw" {rC+ Str+3 Slay+3}
  5397 | D:6      | Reached skill level 5 in Dodging
  5446 | D:6      | Reached skill level 8 in Fighting
  5847 | D:6      | Found a runed translucent gate.
  5875 | D:6      | Killed H0rd4k's ghost
  5876 | D:6      | Reached skill level 9 in Fighting
  5881 | D:6      | Reached XP level 9. HP: 57/83 MP: 8/8
  6311 | D:7      | Reached skill level 5 in Staves
  6517 | D:7      | Noticed Prince Ribbit
  6530 | D:7      | Reached skill level 10 in Fighting
  6535 | D:7      | Killed Prince Ribbit
  6717 | D:7      | Found Tygid's Distillery.
  6725 | D:7      | Bought 2 potions of heal wounds for 140 gold pieces
  6725 | D:7      | Bought a potion of invisibility for 112 gold pieces
  6867 | D:7      | Reached **** piety under Trog
  7540 | D:8      | Noticed Grum
  7593 | D:8      | HP: 1/86 [Grum/+1 glaive (8)]
  7598 | D:8      | Killed Grum
  7857 | D:8      | Reached skill level 11 in Fighting
  7879 | D:8      | Found a glowing golden altar of the Shining One.
  7889 | D:8      | Reached XP level 10. HP: 95/95 MP: 9/9
  8052 | D:8      | Reached skill level 1 in Polearms
  8206 | D:8      | Identified the +6 dagger "Soewaost" {distort, rF+ Str+8
                  | Int-3 Dex-5}
  8209 | D:8      | Identified the ring of Dat Okli {Will+ rCorr}
  8223 | D:8      | Reached skill level 1 in Evocations
  8562 | D:8      | Reached ***** piety under Trog
  8759 | D:9      | Noticed a two-headed ogre
  8768 | D:9      | Killed a two-headed ogre
  8769 | D:9      | Reached skill level 1 in Axes
  9048 | D:9      | Reached skill level 12 in Fighting
  9233 | D:9      | Found a staircase to the Lair.
  9452 | D:9      | Reached XP level 11. HP: 77/105 MP: 10/10
  9533 | D:9      | Found a staircase to the Orcish Mines.
  9666 | D:9      | Noticed a two-headed ogre
  9672 | D:9      | Killed a two-headed ogre
  9951 | Lair:1   | Entered Level 1 of the Lair of Beasts
  9962 | Lair:1   | Identified the +9 quarterstaff "Apsomp" {heavy, rN++ Int-5}
                  | (Trog gifted it to you on level 1 of the Lair of Beasts)
  9962 | Lair:1   | Received a gift from Trog
  9970 | Lair:1   | Reached skill level 13 in Fighting
 10588 | Lair:1   | Reached skill level 5 in Axes
 11459 | Lair:2   | Noticed Urug
 11463 | Lair:2   | Reached skill level 14 in Fighting
 11466 | Lair:2   | Killed Urug
 11467 | Lair:2   | Reached skill level 10 in Armour
 11618 | Lair:2   | Noticed a death yak
 11618 | Lair:2   | Noticed a death yak
 11619 | Lair:2   | Noticed a death yak
 11625 | Lair:2   | Killed a death yak
 11630 | Lair:2   | Killed a death yak
 11631 | Lair:2   | Reached XP level 12. HP: 34/117 MP: 11/11
 11632 | Lair:2   | Killed a death yak
 11887 | Lair:2   | Reached skill level 5 in Evocations
 12059 | Lair:2   | Noticed a five-headed hydra
 12069 | Lair:2   | Killed a ten-headed hydra
 12609 | Lair:2   | Noticed a catoblepas
 12618 | Lair:2   | Killed a catoblepas
 13159 | Lair:3   | Noticed Gastronok
 13167 | Lair:3   | Killed Gastronok
 13241 | Lair:3   | Reached skill level 15 in Fighting
 13699 | Lair:3   | Found a staircase to the Snake Pit.
 13945 | Lair:3   | Reached skill level 10 in Dodging
 14175 | Lair:3   | Found a staircase to the Swamp.
 14535 | Lair:4   | Noticed a five-headed hydra
 14550 | Lair:4   | Killed a seven-headed hydra
 15095 | Lair:4   | Acquired the amulet of Oseafod {Will+ Regen+ Str+4}
 15142 | Lair:4   | Reached XP level 13. HP: 78/128 MP: 12/12
 15195 | Lair:4   | Found a viscous altar of Jiyva.
 15196 | Lair:4   | Found a staircase to the Slime Pits.
 15288 | Lair:4   | Reached skill level 16 in Fighting
 16092 | Lair:5   | Entered Level 5 of the Lair of Beasts
 16379 | Lair:5   | Reached skill level 17 in Fighting
 16729 | Lair:5   | Reached XP level 14. HP: 95/140 MP: 13/13
 17054 | Lair:5   | Received a gift from Trog
 17624 | Slime:1  | Entered Level 1 of the Pits of Slime
 17633 | Slime:1  | Reached skill level 10 in Axes
 17788 | Slime:2  | Noticed a quicksilver ooze
 17789 | Slime:2  | Noticed an acid blob
 17794 | Slime:2  | HP: 6/141 [acid (2)]
 17794 | Slime:2  | Drowned by a quicksilver ooze

Illustrated notes

Levels and vault maps discovered:
D:1:      saegor_arrival_miasma, layout_basic, patterned_corridor
D:2:      layout_loops_ring, minmay_fountain_box, uniq_crazy_yiuf_cottage
D:3:      layout_basic, nicolae_ecumenical_snake_handling
D:4:      layout_layer_cave, lemuel_blue_sif_altar
D:5:      layout_basic, minmay_temple_entry_proselytizer,
          hangedman_abyss_or_decor_jellyfish_corner
D:6:      layout_basic, biasface_ghost_orc_armoury, blue_anna_alchemist
D:7:      layout_cave_pods, serial_shops, shop,
          hangedman_abyss_or_decor_lesser_grid, minmay_curled_crystal,
          uniq_prince_ribbit1
D:8:      layout_basic, nicolae_tso_besieged_by_evil, uniq_grum
D:9:      layout_irregular_city, lair_entry_dummy, orc_0_dummy
Lair:1:   layout_small_grid, enter_volcano_4,
          portal_ice_cave_entry_ice_simulacra
Lair:2:   layout_concentric_octagons, uniq_urug
Lair:3:   layout_regular_city, minmay_swamp_entry_eels,
          guppyfry_snake_entry_island, uniq_gastronok
Lair:4:   lemuel_reptile_caves, layout_misc_corridors, slime_entry_1,
          grunt_megastairs_5, lemuel_fruit_fields
Lair:5:   minmay_lair_end_frog_pond, layout_hall_layers, st_stairs_7
Slime:1:  layout_caves
Slime:2:  layout_caves

Skill      XL: |  1  2  3  4  5  6  7  8  9 10 11 12 13 14 |
---------------+-------------------------------------------+-----
Fighting       | 4 5 6 7 9 11 12 14 15 17 | 17.7
Maces & Flails | 4 5 6 8 |  8.1
Armour         | 3 4 5 6 7 8 10 11 12 | 12.7
Dodging        | 3 4 5 7 8 9 10 11 | 11.6
Staves         | 1 2 4 5 |  5.5
Polearms       | 2 |  2.1
Evocations     | 3 4 6 7 |  7.7
Axes           | 3 6 8 9 10 | 10.1

Action                     |  1- 3 |  4- 6 |  7- 9 | 10-12 | 13-15 || total
---------------------------+-------+-------+-------+-------+-------++-------
  Melee: Mace              |    62 |    25 |       |       |       ||    87
         Headbutt          |     9 |    23 |    28 |    57 |    54 ||   171
         Punch             |     1 |     1 |       |       |       ||     2
         Quarterstaff      |       |    77 |   102 |       |       ||   179
         Flail             |       |       |    61 |       |       ||    61
         Glaive            |       |       |     8 |    43 |       ||    51
         Battleaxe         |       |       |       |   279 |   257 ||   536
 Invoke: Trog's Hand       |       |     1 |     2 |     1 |     1 ||     5
         Berserk           |       |     1 |     1 |       |       ||     2
         Brothers in Arms  |       |       |       |     1 |       ||     1
    Use: Scroll            |       |       |    19 |     5 |     2 ||    26
         Potion            |       |       |     2 |     3 |     1 ||     6
   Stab: Petrifying        |       |     1 |       |       |       ||     1
 Armour: Animal skin       |    33 |     1 |       |       |       ||    34
         Ring mail         |       |    45 |    38 |       |       ||    83
         Plate armour      |       |       |   179 |   521 |   301 ||  1001
         Skin              |       |       |     1 |       |       ||     1
  Dodge: Dodged            |    54 |    57 |   129 |   243 |   189 ||   672
  Block: Other             |       |       |       |    42 |       ||    42
         Reflection        |       |       |       |     1 |       ||     1
